 Dungeon Crawl Stone Soup version 0.29-a0-620-g13ace881f2 (webtiles) character file.

Game seed: 811954592762581504

89 dolemite99 the Ruffian (level 4, -1/44 HPs)
             Began as a Troll Chaos Knight on June 19, 2022.
             Was a Plaything of Xom.
             Slain by a gnoll
             ... wielding a +0 spear
              (5 damage)
             ... on level 3 of the Dungeon.
             The game lasted 00:03:02 (1779 turns).

dolemite99 the Ruffian (Troll Chaos Knight)         Turns: 1779, Time: 00:03:02

Health: -1/44      AC:  6    Str: 18    XL:     4   Next: 31%
Magic:  3/3        EV: 10    Int:  8    God:    Xom [..*...]
Gold:   184        SH:  0    Dex: 11    Spells: 3/3 levels left

rFire   . . .      SeeInvis .     - Unarmed
rCold   . . .      Faith    .   (no shield)
rNeg    . . .      Spirit   .   a - +2 robe
rPois   .          Reflect  .   (helmet restricted)
rElec   .          Harm     .   (no cloak)
rCorr   .          Rampage  .   (gloves unavailable)
Will    .....                   (boots unavailable)
Stlth   +.........              (no amulet)
HPRegen 0.94/turn               (no ring)
MPRegen 0.08/turn               (no ring)

@: unable to read
A: large, unfitting armour, claws 3, regeneration 1, shaggy fur 1, tough skin 1,
weak 1, inability to read while threatened
a: Renounce Religion


You were on level 3 of the Dungeon.
You worshipped Xom.
You were a toy of Xom.
You visited 1 branch of the dungeon, and saw 3 of its levels.

You collected 184 gold pieces.

Inventory:

Armour
 a - a +2 robe (worn)
Jewellery
 h - a ring of ice
Scrolls
 c - a scroll of vulnerability
 d - a scroll of identify {@r1}
 e - a scroll of teleportation
 g - 2 scrolls of amnesia
Potions
 f - a potion of cancellation
 i - a potion of magic {unknown}
 j - 2 potions of haste {unknown}
Miscellaneous
 b - a piece from Xom's chessboard (inert) (quivered)


   Skills:
 - Level 2.4 Fighting
 - Level 1.9 Dodging
 + Level 5.2 Unarmed Combat


You had 3 spell levels left.
You didn't know any spells.
Your spell library contained the following spells:

 Spells                   Type           Power      Damage    Failure   Level
 Sublimation of Blood     Necr           0%         N/A       54%         2
 Inner Flame              Hex/Fire       0%         N/A       78%         3
 Cause Fear               Hex            0%         N/A       99%         4
 Petrify                  Tmut/Erth      0%         N/A       99%         4
 Irradiate                Conj/Tmut      0%         3d13      100%        5
 Discord                  Hex            0%         N/A       100%        8


Dungeon Overview and Level Annotations

Branches:
Dungeon (3/15)

Altars:
Hepliaklqana

Shops:
D:3 (


Innate Abilities, Weirdness & Mutations

You are too large for most types of armour.
You have claws for hands.
Your natural rate of healing is unusually fast.
You are covered in fur. (AC +1)
You have tough skin. (AC +1)
You are weak. (Str -2)
You sometimes lose the ability to read scrolls when taking damage.


Message History

The gnoll hits you from afar with a +0 spear.
The gnoll barely misses you.
Things that are here:
a +0 whip; a +0 club; a gnoll corpse You scratch the gnoll but do no damage.
The gnoll hits you with a +0 spear!
You feel threatened and lose the ability to read scrolls!
The gnoll hits you with a +0 spear!
You are too injured to fight recklessly!
You are too injured to fight recklessly!
You claw the gnoll!
The gnoll is heavily wounded.
The gnoll barely misses you.
You closely miss the gnoll.
The gnoll is heavily wounded.
The gnoll hits you with a +0 spear.
You barely miss the gnoll.
The gnoll is heavily wounded.
You closely miss the gnoll.
The gnoll is heavily wounded.
The gnoll closely misses you.
You barely miss the gnoll.
The gnoll is heavily wounded.
The gnoll hits you with a +0 spear.
You scratch the gnoll.
The gnoll is almost dead.
The gnoll barely misses you.
You scratch the gnoll but do no damage.
The gnoll is almost dead.
The gnoll hits you with a +0 spear!
* * * LOW HITPOINT WARNING * * *
You emit a cloud of colourful smoke!
You scratch the gnoll but do no damage.
The gnoll is almost dead.
The gnoll hits you with a +0 spear.
* * * LOW HITPOINT WARNING * * *
It was a potion of cancellation.
You feel magically purged.
Xom roars with laughter!
The gnoll hits you with a +0 spear.
You die... "What!?
That's it?"

#######.........
≈≈≈≈≈≈≈..######...
#######...........
#.....#.##.######
###.###.##g#
#.#...##.# # #.#...##
.. ...##§######.#
#...######g@§.....#
....##...##§#######
#...#†....#§#
#.#........#
#.#...∩...##
####.#.......# #
#.....#..)..## .###.
#.....##...####......
#.........##....#


You could see a gnoll (strong).

Vanquished Creatures
  3 gnolls (D:3)
  An adder (D:3)
  3 worms
  A dart slug (D:1)
  2 ball pythons
  3 endoplasms
  A giant cockroach (D:1)
  6 goblins
  A hobgoblin (D:3)
  4 jackals (D:3)
  4 kobolds (D:1)
  3 quokkas (D:1)
  3 bats
  2 frilled lizards (D:1)
  3 rats (D:1)
40 creatures vanquished.

Notes
Turn   | Place    | Note
-------+----------+-------------------------------------------
     0 | D:1      | dolemite99 the Troll Chaos Knight began the quest for the
                  | Orb.
     0 | D:1      | Reached XP level 1. HP: 22/22 MP: 0/0
   235 | D:1      | Reached XP level 2. HP: 29/29 MP: 1/1
   241 | D:1      | XOM: divination: detect creatures
   347 | D:1      | XOM: silly message
   371 | D:1      | XOM: butterfly on damage
   375 | D:1      | XOM: cast spell 'Summon Small Mammal'
   415 | D:1      | Reached skill level 4 in Unarmed Combat
   715 | D:1      | XOM: divination: magic mapping
   774 | D:1      | XOM: cloud trail
   902 | D:1      | Reached XP level 3. HP: 36/36 MP: 2/2
   979 | D:1      | XOM: give mutations
   979 | D:1      | Gained mutation: You sometimes lose the ability to read
                  | scrolls when taking damage. [Xom's mischief]
   979 | D:1      | Gained mutation: You are weak. (Str -2) [Xom's mischief]
  1036 | D:2      | Found a faded altar of an unknown god.
  1053 | D:2      | Found a hazy altar of Hepliaklqana.
  1053 | D:2      | XOM: 8-stop teleportation journey
  1110 | D:2      | XOM: 1-stop teleportation journey
  1313 | D:2      | XOM: noise
  1457 | D:2      | XOM: summons 2 hostile demons
  1458 | D:2      | Noticed a smoke demon
  1503 | D:2      | XOM: summons 2 hostile demons
  1504 | D:2      | Noticed an orange demon
  1504 | D:2      | Noticed an orange demon
  1699 | D:3      | Found Ulueciru's Weapon Shoppe.
  1748 | D:3      | Reached XP level 4. HP: 41/44 MP: 3/3
  1760 | D:3      | XOM: enchant monster (good)
  1762 | D:3      | Reached skill level 5 in Unarmed Combat
  1777 | D:3      | XOM: smoke on damage
  1779 | D:3      | Slain by a gnoll

Illustrated notes

Levels and vault maps discovered:
D:1:      ncdulo_smallfort, layout_loops_corners, nicolae_wormholes
D:2:      layout_loops_cross, hellmonk_ecumenical_altar_slurped_away,
          basic_altar
D:3:      layout_loops_ring, serial_shops, nicolae_shop_bloodbath_and_beyond,
          grunt_decor_cap

Skill      XL: |  1  2  3  4 |
---------------+-------------+-----
Unarmed Combat | 4 5 |  5.2
Fighting       | |  2.4
Dodging        | |  1.9

Action                   |  1- 3 |  4- 6 || total
-------------------------+-------+-------++-------
Melee: Unarmed           |   125 |    18 ||   143
Evoke: Piece from Xom's  |    18 |     1 ||    19
  Use: Scroll            |     7 |       ||     7
       Potion            |     4 |     1 ||     5
 Stab: Paralysed         |     1 |       ||     1
       Sleeping          |     1 |       ||     1
       Petrified         |       |     2 ||     2
Armor: Robe              |    70 |     2 ||    72
Dodge: Dodged            |    83 |    10 ||    93

Table legend: (Time is in decaauts)
 A = Elapsed time spent in this place.
 B = Non-inter-level travel time spent in this place.
 C = Inter-level travel time spent in this place.
 D = Time resting spent in this place.
 E = Time spent auto-exploring this place.
 F = Levels seen in this place.
 G = Mean time per level.
                   A        B        C        D        E       F      G
               +--------+--------+--------+--------+--------+-----+--------+
         Total |   1767 |   1745 |     22 |      0 |   1155 |   3 |  589.0 |
       Dungeon |   1767 |   1745 |     22 |      0 |   1155 |   3 |  589.0 |
               +--------+--------+--------+--------+--------+-----+--------+

Top non-repeatable levels by time:
     D:1: 1003 daAuts
     D:2: 507 daAuts
     D:3: 256 daAuts
